 Dungeon Crawl Stone Soup version 0.32-a0-450-g080537f31e (webtiles) character file.

Game seed: 3074822507666652321

1378 booth the Chopper (level 8, -9/67 HPs)
             Began as a Coglin Gladiator on Feb 22, 2024.
             Was a Follower of Beogh.
             Killed by divine providence
             ... invoked by an orc priest
              (15 damage)
             ... on level 6 of the Dungeon on Feb 23, 2024.
             The game lasted 00:25:35 (4333 turns).

booth the Chopper (Coglin Gladiator)                Turns: 4333, Time: 00:25:36

Health: -9/67      AC: 16    Str: 14    XL:     8   Next: 66%
Magic:  8/8        EV: 12    Int: 10    God:    Beogh [*.....]
Gold:   336        SH:  0    Dex: 16    Spells: 7/7 levels left

rFire   . . .        a - +0 war axe (protect) {Caihong}
rCold   . . .        l - +2 short sword (venom) {Egon}
rNeg    . . .        f - +0 ring mail
rPois   .            c - +1 helmet
rElec   .            i - +0 cloak
rCorr   .            (no gloves)
SInv    +            r - +0 pair of boots
Will    .....        (no amulet) Stlth
                     u - ring of see invisible
HPRegen 0.31/turn    (no ring)
MPRegen 0.11/turn

%: no passive effects
@: confused, under a protective aura, revving
A: off-hand wielding, slow wielding, warmup strikes, legs shutdown, robust 1
a: Renounce Religion


You were on level 6 of the Dungeon.
You worshipped Beogh.
Beogh was aware of your devotion.
You visited 1 branch of the dungeon, and saw 6 of its levels.

You collected 336 gold pieces.

Inventory:

Hand Weapons
 a - a +0 war axe of protection (weapon) {Caihong}
 g - a +0 mace
 l - a +2 short sword of venom (offhand) {Egon}
Missiles
 d - 4 throwing nets (quivered)
 e - a javelin
 q - 9 poisoned darts
Armour
 c - a +1 helmet (worn)
 f - a +0 ring mail (worn)
 i - a +0 cloak (worn)
 r - a +0 pair of boots (worn)
Jewellery
 u - a ring of see invisible (left grasper)
Wands
 o - a wand of polymorph (7)
 w - a wand of mindburst (15)
Scrolls
 b - 3 scrolls of teleportation
 h - a scroll of fog
 s - a scroll of blinking {unknown}
 x - a scroll of torment
Potions
 j - a potion of berserk rage
 k - 2 potions of lignification
 m - a potion of curing
 p - 2 potions of brilliance
 t - a potion of mutation


   Skills:
 + Level 4.9 Fighting
 * Level 7.1 Axes
 + Level 4.5 Throwing
 + Level 5.0 Dodging


You had 7 spell levels left.
You didn't know any spells.
Your spell library contained the following spells:

 Spells                   Type           Power      Damage    Failure   Level
 Slow                     Hex            0%         N/A       61%         1
 Confusing Touch          Hex            0%         N/A       93%         3
 Dazzling Flash           Conj/Hex       0%         N/A       93%         3
 Sigil of Binding         Hex            0%         N/A       93%         3
 Vampiric Draining        Necr           0%         2d6       93%         3
 Volatile Blastmotes      Fire/Tloc      0%         2d10      93%         3
 Starburst                Conj/Fire      0%         6d3       100%        6
 Maxwell's Capacitive Co  Air            0%         ∞         100%        8


Dungeon Overview and Level Annotations

Branches:
Dungeon (6/15)
 Temple: D:4-7

Altars:
Nemelex Xobeh
Sif Muna

Shops:
D:3 ?


Innate Abilities, Weirdness & Mutations

You can wield a second weapon in your off-hand.
It takes a long time for you to wield or remove held weapons.
Your first few attacks do less damage.
Attacking and casting redirects power from your legs.
You are robust. (+10% HP)


Message History

Your weapon exudes an aura of protection.
The orc wizard points at you and mumbles some strange words.
The puff of flame hits you.
* * * LOW HITPOINT WARNING * * *
The orc priest barely misses you.
The orc wizard hits you but does no damage.
You are no longer unable to travel.
The orc wizard casts a spell at you. You resist with some effort.
The orc priest misses you.
The orc wizard hits you with a +0 dagger.
* * * LOW HITPOINT WARNING * * *
You bump into the rock wall.
The orc wizard hits you with a +0 dagger.
* * * LOW HITPOINT WARNING * * *
The orc wizard completely misses you.
The orc priest hits you but does no damage.
You barely miss the orc wizard with your +0 war axe of protection.
The orc wizard is severely wounded.
You miss the orc wizard with your +0 war axe of protection.
You hit the orc priest with your +0 war axe of protection.
Your weapon exudes an aura of protection.
You hit the orc wizard with your +2 short sword of venom.
The orc wizard is poisoned.
The orc wizard closely misses you. The orc priest closely misses you.
The orc wizard barely misses you.
You cannot move. (Use ctrl+direction or * direction to attack while stationary and confused.)
You cannot move. (Use ctrl+direction or * direction to attack while stationary and confused.)
Okay, then.
You cannot move. (Use ctrl+direction or * direction to attack while stationary and confused.)
You barely miss the orc wizard with your +0 war axe of protection.
You hit the orc wizard with your +0 war axe of protection.
You slash the orc priest with your +0 war axe of protection!
You are no longer unable to travel.
You kill the orc wizard!
Beogh accepts your kill.
The orc wizard gestures at you while chanting.
You are more confused.
The orc priest invokes the aid of Beogh against you.
Beogh smites you!
You die...
Beogh appreciates the orc priest's killing of a heretic priest.

### ## #..#### .#
#.....##.##
#.........#
#.........#
#.........#####
###)##<........
#S#.)@###)..##...
#......oo...........
.................#...
...............### ..
................. .
.....#..........##
....###.#.........
.... #.##.......###
.. ##......#


You could see an orc priest and an orc wizard (invisible).

Vanquished Creatures
  Pikel (D:4)
  2 black bears
  3 lemures (D:4)
  A bullfrog (D:4)
  A scorpion (D:6)
  2 howler monkeys (D:5)
  2 bombardier beetles (D:5)
  A jelly (D:5)
  A gnoll bouda (D:4)
  3 hounds
  Ijyb (D:5)
  An orc wizard (D:6)
  Natasha (thrice) (D:3)
  5 gnolls (D:4)
  6 adders
  2 white imps (D:5)
  7 dart slugs
  3 ribbon worms
  11 orcs
  3 endoplasms
  7 giant cockroaches
  12 hobgoblins
  2 quokkas
  11 ball pythons
  9 bats
  3 frilled lizards
  10 goblins
  13 kobolds
  4 rats
130 creatures vanquished.

Notes
Turn   | Place    | Note
-------+----------+-------------------------------------------
     0 | D:1      | booth the Coglin Gladiator began the quest for the Orb.
     0 | D:1      | Reached XP level 1. HP: 16/16 MP: 1/1
   235 | D:1      | Reached XP level 2. HP: 22/22 MP: 2/2
   561 | D:1      | Reached XP level 3. HP: 25/28 MP: 3/3
  1089 | D:2      | Reached XP level 4. HP: 34/34 MP: 4/4
  1742 | D:3      | Reached skill level 4 in Axes
  1756 | D:3      | Noticed Natasha
  1758 | D:3      | Killed Natasha
  1759 | D:3      | Reached XP level 5. HP: 39/39 MP: 5/5
  1855 | D:3      | Noticed Natasha
  1862 | D:3      | Killed Natasha
  1877 | D:3      | Noticed Natasha
  1887 | D:3      | Killed Natasha
  2133 | D:3      | Found Lingefal's Magic Scroll Shoppe.
  2369 | D:3      | Upgraded the game from 0.32-a0-433-g08bcfe7efd to
                  | 0.32-a0-450-g080537f31e
  2373 | D:3      | Gained mutation: Your spells are a little harder to cast,
                  | but a little more powerful. [potion of mutation]
  2373 | D:3      | Gained mutation: You are robust. (+10% HP) [potion of
                  | mutation]
  2373 | D:3      | Lost mutation: Your spells are a little harder to cast, but
                  | a little more powerful. [potion of mutation]
  2406 | D:4      | Reached XP level 6. HP: 50/51 MP: 6/6
  2561 | D:4      | Found a sparkling altar of Nemelex Xobeh.
  2598 | D:4      | Reached skill level 5 in Axes
  2676 | D:4      | Noticed Pikel
  2697 | D:4      | Killed Pikel
  2698 | D:4      | Reached skill level 6 in Axes
  2698 | D:4      | Reached XP level 7. HP: 23/59 MP: 7/7
  2862 | D:4      | Found a shimmering blue altar of Sif Muna.
  3064 | D:4      | Became a worshipper of Beogh the Shepherd
  3067 | D:4      | Reached XP level 8. HP: 57/66 MP: 8/8
  3344 | D:5      | Entered Level 5 of the Dungeon
  3539 | D:5      | Noticed Ijyb
  3562 | D:5      | Killed Ijyb
  3831 | D:5      | HP: 4/100 [burnt (5)]
  4252 | D:6      | Reached skill level 7 in Axes
  4272 | D:6      | Reached skill level 5 in Dodging
  4282 | D:6      | Reached * piety under Beogh
  4333 | D:6      | Killed from afar by an orc priest

Illustrated notes

Levels and vault maps discovered:
D:1:      dpeg_arrival_arbitrary_b, layout_basic, serial_co_window_serial,
          co_window_paths_b, co_window_paths_a, co_window_paths_a,
          co_window_paths_b, co_window_paths_a, co_window_paths_a,
          co_window_of_opportunity_a, co_window_unsneaky_path_c,
          co_window_corner_ca, co_window_of_opportunity_b, glass_columns_a,
          glass_columns_c
D:2:      layout_basic, grunt_ministairs_13, minmay_tripent
D:3:      layout_basic, serial_shops, nicolae_shop_behind_doors,
          minmay_pentomino_pile, uniq_natasha
D:4:      layout_rooms, lemuel_round_altar, nemelex_xobeh_ov_fountains_minmay,
          uniq_pikel
D:5:      layout_rooms, uniq_ijyb
D:6:      layout_cave_pools, lightli_temple_of_fire,
          gammafunk_temple_overflow_statue, temple_fountains,
          portal_sewer_entry_d

Skill      XL: |  1  2  3  4  5  6  7  8 |
---------------+-------------------------+-----
Throwing       | 2 3 4 |  4.5
Dodging        | 3 4 5 |  5.0
Axes           | 4 6 7 |  7.1
Fighting       | 3 4 |  4.9

Action                     |  1- 3 |  4- 6 |  7- 9 || total
---------------------------+-------+-------+-------++-------
  Melee: War axe           |    61 |   113 |    82 ||   256
         Dagger            |    52 |    13 |       ||    65
         Short sword       |       |    96 |    74 ||   170
  Throw: Dart              |       |     1 |       ||     1
         Javelin           |       |     1 |       ||     1
         Throwing net      |       |     1 |       ||     1
 Invoke: Convert to Beogh  |       |       |     1 ||     1
    Use: Scroll            |     2 |     4 |     3 ||     9
         Potion            |     1 |     2 |     4 ||     7
   Stab: Sleeping          |     1 |       |       ||     1
 Armour: Leather armour    |    25 |    12 |       ||    37
         Ring mail         |       |    74 |    81 ||   155
         Skin              |       |     1 |       ||     1
  Dodge: Dodged            |    34 |   110 |    68 ||   212

Table legend: (Time is in decaauts)
 A = Elapsed time spent in this place.
 B = Non-inter-level travel time spent in this place.
 C = Inter-level travel time spent in this place.
 D = Time resting spent in this place.
 E = Time spent auto-exploring this place.
 F = Levels seen in this place.
 G = Mean time per level.
                   A        B        C        D        E       F      G
               +--------+--------+--------+--------+--------+-----+--------+
         Total |   4375 |   4297 |     78 |    761 |   2072 |   6 |  729.2 |
       Dungeon |   4375 |   4297 |     78 |    761 |   2072 |   6 |  729.2 |
               +--------+--------+--------+--------+--------+-----+--------+

Top non-repeatable levels by time:
     D:1: 994 daAuts
     D:4: 961 daAuts
     D:5: 908 daAuts
     D:3: 755 daAuts
     D:2: 670 daAuts
     D:6: 85 daAuts
